 Dungeon Crawl Stone Soup version 0.27.0-1-g7a089689b8 (webtiles) character file.

Game seed: 4586213755320696050

172 Alakanar the Magician (level 5, -6/35 HPs)
             Began as a Djinni Fire Elementalist on Aug 4, 2021.
             Mangled by ciphuk's ghost (12 damage)
             ... on level 3 of the Dungeon.
             The game lasted 00:17:38 (3999 turns).

Alakanar the Magician (Djinni Fire Elementalist)    Turns: 3999, Time: 00:17:38

Health: -6/35      AC:  2    Str:  7    XL:     5   Next: 83%
Gold:   80         EV: 12    Int: 18    God:
                   SH:  0    Dex: 13

rFire    + + .     SeeInvis .   g - staff of air
rCold    x . .     Faith    .   (no shield)
rNeg     . . .     Spirit   .   a - +0 robe
rPois    ∞         Reflect  .   (no helmet)
rElec    +         Harm     .   (no cloak)
rCorr    .         Rampage  .   (no gloves)
Will     .....                  (boots unavailable)
Stlth    ++........             (no amulet)
HPRegen  0.11/turn              (no ring)
MPRegen  0.00/turn              (no ring)

@: flying
A: sickness immunity, fire resistance 2, cold vulnerability 1, float, innate
caster, hp casting, extra vitality 1
a: no special abilities


You were on level 3 of the Dungeon.
You visited 1 branch of the dungeon, and saw 3 of its levels.

You collected 80 gold pieces.

Inventory:

Hand Weapons
 c - a +0 long sword
 e - a +0 spear
Missiles
 j - 2 boomerangs
 l - 29 stones
Armour
 a - a +0 robe (worn)
Magical Staves
 g - a staff of air (weapon)
Scrolls
 f - a scroll of identify {unknown}
Potions
 d - a potion of magic {unknown}
 h - a potion of curing {unknown}
 i - a potion of might {unknown}
 k - a potion of ambrosia {unknown}


   Skills:
 + Level 0.3 Fighting
 + Level 2.7 Dodging
 - Level 1.7 Stealth
 + Level 4.4 Spellcasting


You couldn't memorise any spells.
You knew the following spells:

 Your Spells              Type           Power      Damage    Failure   Level
a - Foxfire               Conj/Fire      80%        2x1d8     2%          1
b - Conjure Flame         Conj/Fire      20%        6-21      7%          3
c - Inner Flame           Hex/Fire       20%        N/A       7%          3
d - Sticky Flame          Conj/Fire      20%        2d4       22%         4
e - Fireball              Conj/Fire      10%        3d6       52%         5
f - Sandblast             Erth           40%        2d10      2%          1
g - Corpse Rot            Necr/Air       N/A        N/A       3%          2
Your spell library was empty.

Dungeon Overview and Level Annotations

Branches:
Dungeon (3/15)

Altars:

Shops:
D:2 [

Annotations:
D:3 ciphuk's ghost, amateur NaGl


Innate Abilities, Weirdness & Mutations

You are immune to sickness and miasma.
You are immune to poison.
Your flesh is very heat resistant. (rF++)
You are vulnerable to cold. (rC-)
You float through the air rather than walking.
You learn spells naturally, not from books.
Your magical power is your life essence.
You have superior vitality. (+4 HP)


Message History

Casting: Sandblast (safe; 2% risk of failure)
Confirm with . or Enter, or press ? or * to list all spells.
Okay, then.
Casting: Sandblast (safe; 2% risk of failure)
Confirm with . or Enter, or press ? or * to list all spells.
You feel a surge of power!
You smell decay.
The rat barely misses you. The rat closely misses you.
Casting: Corpse Rot (safe; 3% risk of failure)
Confirm with . or Enter, or press ? or * to list all spells.
The spell is potentially lethal to cast (54% risk of failure)!
Continue anyway?
Okay, then.
Casting: Fireball (potentially lethal; 54% risk of failure)
Confirm with . or Enter, or press ? or * to list all spells.
You conjure some foxfire!
The foxfire hits ciphuk's ghost.
Ciphuk's ghost is lightly damaged.
The rat closely misses you.
The foxfire hits ciphuk's ghost.
Ciphuk's ghost is lightly damaged.
Casting: Foxfire (safe; 2% risk of failure)
Confirm with . or Enter, or press ? or * to list all spells.
You conjure some foxfire!
The rat bites you.
Casting: Foxfire (safe; 2% risk of failure)
Confirm with . or Enter, or press ? or * to list all spells.
You conjure some foxfire!
The foxfire hits the rat.
You kill the rat!
The foxfire hits ciphuk's ghost.
Ciphuk's ghost is lightly damaged.
Ciphuk's ghost closely misses you.
Casting: Foxfire (safe; 2% risk of failure)
Confirm with . or Enter, or press ? or * to list all spells.
You conjure some foxfire!
Ciphuk's ghost hits you!
* * * LOW HITPOINT WARNING * * *
Your foxfire dissipates!
The foxfire hits ciphuk's ghost!
Ciphuk's ghost is moderately damaged.
The foxfire hits ciphuk's ghost.
Ciphuk's ghost is moderately damaged.
It was a potion of cancellation.
You feel magically purged. Ciphuk's ghost hits you!
You die...

#..# #..# #÷.# #..#
#..###..###.##
###.###.............
..........##..######
########.....).....#
.......#...#.#.###.#
...#...#.†W#.....
.#.#..÷.§@##...##
?.....'........#
?#.#..'.####.#.#
..#...#.# .#.#
......#.# ....
#######.# .... ..#
#.. ###


You could see ciphuk's ghost.

Vanquished Creatures
  An ogre (D:3)
  A gnoll (D:1)
  4 adders
  2 ball pythons
  2 endoplasms
  3 giant cockroaches
  3 goblins (D:1)
  8 hobgoblins
  5 jackals
  2 kobolds (D:2)
  A quokka (D:1)
  4 bats
  5 rats
41 creatures vanquished.

Vanquished Creatures (others)
  149 foxfires
  3 fungi (D:3)
  6 plants (D:3)
158 creatures vanquished.

Grand Total: 199 creatures vanquished

Notes
Turn   | Place    | Note
-------+----------+-------------------------------------------
     0 | D:1      | Alakanar the Djinni Fire Elementalist began the quest for
                  | the Orb.
     0 | D:1      | Reached XP level 1. HP: 15/15 MP: 0/0
   313 | D:1      | Reached XP level 2. HP: 17/21 MP: 0/0
   786 | D:1      | Reached skill level 3 in Spellcasting
   792 | D:1      | Reached XP level 3. HP: 18/25 MP: 0/0
   792 | D:1      | Learned a level 1 spell: Sandblast
  1886 | D:2      | Reached XP level 4. HP: 21/31 MP: 0/0
  2281 | D:2      | Found Niotiap's Armour Emporium.
  3684 | D:3      | Found a runed translucent gate.
  3685 | D:3      | Found a runed translucent gate.
  3689 | D:3      | Found a runed translucent gate.
  3691 | D:3      | Noticed ciphuk's ghost (amateur NaGl)
  3698 | D:3      | Noticed an ogre
  3704 | D:3      | Killed an ogre
  3705 | D:3      | Reached skill level 4 in Spellcasting
  3705 | D:3      | Reached XP level 5. HP: 8/35 MP: 0/0
  3705 | D:3      | Learned a level 2 spell: Corpse Rot
  3999 | D:3      | Mangled by ciphuk's ghost

Illustrated notes

Levels and vault maps discovered:
D:1:      dpeg_arrival_houses_and_road, layout_loops_ring
D:2:      layout_basic, serial_shops, nicolae_diamond_shop
D:3:      layout_loops_ring, lemuel_coloured_pillars_altar,
          ashenzari_conservatory_becter, lemuel_round_altar,
          shapermc_ecumenical_altar_mp_ritualfount, serial_shops, shop,
          gammafunk_ghost_split, uniq_sigmund, uniq_terence

Skill      XL: |  1  2  3  4 |
---------------+-------------+-----
Spellcasting   | 3 4 |  4.4
Fighting       | |  0.3
Dodging        | |  2.7
Stealth        | |  1.7

Action                   |  1- 3 |  4- 6 || total
-------------------------+-------+-------++-------
Melee: Unarmed           |     4 |       ||     4
 Cast: Foxfire           |    60 |    51 ||   111
       Conjure Flame     |       |     4 ||     4
       Corpse Rot        |       |     1 ||     1
       Sandblast         |       |     1 ||     1
  Use: Potion            |       |     1 ||     1
Armor: Robe              |     5 |       ||     5
Dodge: Dodged            |     9 |    12 ||    21
